 Dungeon Crawl Stone Soup version 0.25-a0-435-g4b9beb1024 (webtiles) character file.

Game seed: 2753406494470271480, levelgen mode: deterministic

127 Bidonsky the Shooter (level 4, -2/38 HPs)
             Began as a Minotaur Hunter on Jan 29, 2020.
             Slain by an ice beast (14 damage)
             ... on level 3 of the Dungeon.
             The game lasted 00:06:48 (1870 turns).

Bidonsky the Shooter (Minotaur Hunter)              Turns: 1870, Time: 00:06:49

Health: -2/38      AC:  7    Str: 18    XL:     4   Next: 85%
Magic:  3/3        EV: 10    Int:  8    God:
Gold:   34         SH:  0    Dex: 10    Spells: 3/3 levels left

rFire    . . .     SeeInvis .   b - +0 short sword
rCold    . . .     Gourm    .   (no shield)
rNeg     + . .     Faith    .   o - +0 scale mail
rPois    .         Spirit   .   (helmet restricted)
rElec    .         Reflect  .   r - +0 cloak
rCorr    .         Harm     .   (no gloves)
MR       .....                  (no boots)
Stlth    +.........             (no amulet)
HPRegen  0.12/turn              g - ring of stealth
MPRegen  0.08/turn              h - ring of positive energy

@: no status effects
A: retaliatory headbutt, horns 2
a: no special abilities


You were on level 3 of the Dungeon.
You were hungry.

You visited 1 branch of the dungeon, and saw 3 of its levels.

You collected 34 gold pieces.

Inventory:

Hand Weapons
 a - a +1 shortbow
 b - a +0 short sword (weapon)
Missiles
 m - a javelin (quivered)
Armour
 c - a +0 leather armour
 o - a +0 scale mail (worn)
 r - a +0 cloak (worn)
Jewellery
 g - a ring of stealth (left hand)
 h - a ring of positive energy (right hand)
Scrolls
 e - a scroll of enchant armour {unknown}
 i - 3 scrolls of amnesia {unknown}
 j - a scroll of noise {unknown}
 k - 2 scrolls of identify {unknown}
Potions
 l - a potion of heal wounds {unknown}
 n - a potion of lignification {unknown}
 p - a potion of might {unknown}
 q - a potion of experience {unknown}
 s - a potion of curing {unknown}
Comestibles
 f - 4 rations


   Skills:
 * Level 3.0 Fighting
 * Level 6.5 Bows
 + Level 0.4 Armour
 + Level 2.2 Dodging
 + Level 0.7 Stealth


You had 3 spell levels left.
You didn't know any spells.
Your spell library contained the following spells:

 Spells                   Type           Power        Failure   Level  Hunger
 Magic Dart               Conj           #...         82%         1    ##.....
 Blink                    Tloc           N/A          91%         2    ###....
 Call Imp                 Summ           #.......     91%         2    ###....
 Slow                     Hex            #.......     91%         2    ###....
 Conjure Flame            Conj/Fire      #.......     99%         3    ####...
 Mephitic Cloud           Conj/Pois/Air  #.......     99%         3    ####...


Dungeon Overview and Level Annotations

Branches:
Dungeon (3/15)

Altars:
Makhleb


Innate Abilities, Weirdness & Mutations

You reflexively headbutt those who attack you in melee.
You have a pair of horns on your head.


Message History

The bat barely misses you. You furiously retaliate!
You headbutt the bat.
You kill the bat!
The ice beast barely misses you. You furiously retaliate!
You headbutt the ice beast.
Found a mace.
Found a short sword.
You see here an arrow.
The ice beast hits you but does no damage.
You see here an arrow.
Things that are here:
a javelin; 2 arrows You see here 4 javelins.
Items here: ( ) †† 2 arrows; a +0 club; a hobgoblin corpse; a goblin corpse You see here an adder corpse.
You see here an adder corpse.
You hit the ice beast.
The ice beast is almost dead.
The ice beast hits you. The ice beast freezes you!
You die...

##...##...###### #.
##.###...##########. #.#
#.............( #.#
#..############ #.# #..# # #.#
#..###### # #.###.......# # ###
#..###.####.# # ... ##@##...###.#
# #Y##.#.....# #
######.##...###.# #
#...##g########.# #
#...............# #
#...##.########.# #
############g###.########.#######
........g....# #.>...............
################.################


You could see an ice beast and a goblin.

Vanquished Creatures
  6 adders
  An ooze (D:3)
  2 worms (D:2)
  4 leopard geckos
  A giant cockroach (D:1)
  11 hobgoblins
  3 jackals (D:1)
  7 kobolds
  2 quokkas
  10 bats
  3 frilled lizards
  7 goblins
  4 rats
61 creatures vanquished.

Notes
Turn   | Place    | Note
-------+----------+-------------------------------------------
     0 | D:1      | Bidonsky the Minotaur Hunter began the quest for the Orb.
     0 | D:1      | Reached XP level 1. HP: 18/18 MP: 0/0
   132 | D:1      | Reached XP level 2. HP: 25/25 MP: 1/1
   221 | D:1      | Reached skill level 5 in Bows
   676 | D:2      | Reached XP level 3. HP: 20/30 MP: 2/2
  1143 | D:2      | Reached skill level 6 in Bows
  1158 | D:2      | Found a burning altar of Makhleb.
  1247 | D:2      | Reached XP level 4. HP: 37/37 MP: 3/3
  1805 | D:3      | Noticed an ice beast
  1870 | D:3      | Slain by an ice beast

Levels and vault maps discovered:
D:1:      minmay_arrival_semitransparent, layout_loops_ring,
          minmay_misc_feat_doors
D:2:      layout_rooms, lemuel_round_altar
D:3:      layout_loops_ring

Skill      XL: |  1  2  3  4 |
---------------+-------------+-----
Bows           | 5 6 |  6.5
Fighting       | 3 |  3.0
Armour         | |  0.4
Dodging        | |  2.2
Stealth        | |  0.7

Action                   |  1- 3 |  4- 6 || total
-------------------------+-------+-------++-------
Melee: Short sword       |     3 |     6 ||     9
       Headbutt          |     1 |       ||     1
 Fire: Shortbow          |    99 |    63 ||   162
Throw: Javelin           |     7 |     5 ||    12
  Eat: Chunk             |       |     2 ||     2
Armor: Leather armour    |     7 |       ||     7
       Scale mail        |     3 |    13 ||    16
Dodge: Dodged            |    28 |    17 ||    45

Table legend:
 A = Non-vault XP
 B = Vault XP
 C = Vault XP percentage of total XP
 D = Non-vault monster count
 E = Vault monster count
 F = Vault count percentage of total count
                 A         B        C        D         E       F
            +---------+---------+-------+---------+---------+-------
      Total |     182 |       0 |   0.0 |      61 |       0 |   0.0
            +---------+---------+-------+---------+---------+-------
        D:1 |      28 |       0 |   0.0 |      17 |       0 |   0.0
        D:2 |     102 |       0 |   0.0 |      29 |       0 |   0.0
        D:3 |      52 |       0 |   0.0 |      15 |       0 |   0.0
            +---------+---------+-------+---------+---------+-------
